 Dungeon Crawl Stone Soup version 0.26-a0-6-g448add79b7 (webtiles) character file.

Game seed: 6810312536025100097, levelgen mode: deterministic

1596 lonelyuniverse the Changer (level 8, 0/54 HPs)
             Began as an Octopode Transmuter on May 24, 2020.
             Was an Initiate of Ru.
             Killed by nerve-wracking pain
             ... invoked by a shadow imp
              (8 damage)
             ... on level 5 of the Dungeon.
             The game lasted 00:11:26 (5648 turns).

lonelyuniverse the Changer (Octopode Transmuter)    Turns: 5648, Time: 00:11:27

Health: 0/54       AC:  2    Str: 11    XL:     8   Next: 93%
Magic:  19/20      EV: 20    Int: 15    God:    Ru [......]
Gold:   300        SH:  0    Dex: 18    Spells: 0/11 levels left

rFire    . . .     SeeInvis .     - Unarmed
rCold    . . .     Gourm    .   (shield currently unavailable)
rNeg     . . .     Faith    .   (helmet currently unavailable)
rPois    x         Spirit   .   (no amulet)
rElec    .         Reflect  .   m - ring of magical power
rCorr    .         Harm     .   (no ring)
MR       .....                  (no ring)
Stlth    ..........             (no ring)
HPRegen  0.18/turn              (no ring)
MPRegen  0.17/turn              (no ring)
                                (no ring)
                                (no ring)

@: spider-form (expiring), starving
A: tiny, almost no armour, stealthy swim, (amphibious), 8 rings, (constrict 8),
no stealth
a: End Transformation, Renounce Religion


You were on level 5 of the Dungeon.
You worshipped Ru.
Ru was noncommittal.
You were starving.
You were a venomous arachnid creature.
You visited 2 branches of the dungeon, and saw 6 of its levels.

You collected 300 gold pieces.

Inventory:

Missiles
 s - 81 arrows
Jewellery
 m - a ring of magical power (left front leg)
Wands
 k - a wand of digging (3)
 r - a wand of paralysis (9)
Scrolls
 d - 3 scrolls of fog {unknown}
 e - 4 scrolls of remove curse {unknown}
 f - 5 scrolls of identify {unknown}
 g - a scroll of fear {unknown}
 h - a scroll of amnesia {unknown}
 n - 2 scrolls of teleportation {unknown}
Potions
 a - a potion of might
 b - a potion of invisibility {unknown}
 i - a potion of stabbing {unknown}
 j - a potion of flight {unknown}
 l - a potion of lignification {unknown}
 o - a potion of berserk rage {unknown}
 p - a potion of ambrosia {unknown}
 q - 2 potions of curing {unknown}
 u - a potion of degeneration {unknown}
Comestibles
 c - 5 rations


   Skills:
 - Level 4.7 Fighting
 - Level 2.0 Dodging
 - Level 6.6 Unarmed Combat
 - Level 2.0 Spellcasting
 + Level 7.8 Transmutations
 - Level 1.0 Poison Magic
 - Level 1.5 Evocations


You couldn't memorise any spells.
You knew the following spells:

 Your Spells              Type           Power        Failure   Level  Hunger
a - Beastly Appendage     Tmut           ###...       4%          1    #......
b - Spider Form           Tmut/Pois      ##........   26%         3    ###....
c - Sticks to Snakes      Tmut           ###.....     6%          2    ###....
d - Blade Hands           Tmut           ###.......   47%         5    ######.

Your spell library contained the following spells:

 Spells                   Type           Power        Failure   Level  Hunger
 Ice Form                 Ice/Tmut       ##......     63%         4    #####..


Dungeon Overview and Level Annotations

Branches:
Dungeon (5/15)             Temple (1/1) D:4

Altars:
Ashenzari
Cheibriados
Dithmenos
Elyvilon
Gozag
Hepliaklqana
Kikubaaqudgha
Nemelex Xobeh
Okawaru
Qazlal
Ru
Sif Muna
Trog
Uskayaw
Vehumet
Wu Jian
Zin


Innate Abilities, Weirdness & Mutations

You cannot wear most types of armour.
You are very stealthy in the water. (Stealth+)
((You are amphibious.))
You can wear up to eight rings at the same time.
((You can use your tentacles to constrict eight enemies at once.))
((Your skin changes colour to match your surroundings (Stealth+).))
((Your rubbery body absorbs attacks. (AC +1, EV +1)))
You cannot be stealthy.


Message History

The crimson imp misses you.
The crimson imp sputters.
You hit the crimson imp but do no damage.
The crimson imp blinks!
You bite the worm!
The worm looks as sick as possible!
The worm is almost dead.
You kill the worm!
You closely miss the crimson imp.
Your transformation is almost over.
The crimson imp barely misses you. The shadow imp hits you.
* * * LOW HITPOINT WARNING * * *
You barely miss the shadow imp. The crimson imp hits you.
* * * LOW HITPOINT WARNING * * *
The shadow imp closely misses you.
You closely miss the shadow imp.
The crimson imp blinks!
You bite the shadow imp!
The shadow imp is severely wounded.
The shadow imp gestures at you. Pain shoots through your body!
You die...

.....###
#.....##..#
....##
#.........#
...##
##........#
.###
#........#
##
#........#
##5....#.#
#.....#.#
##..ยง.#.#
#..s##.# #
#..5##.# #
##..##.# #
##'##.# #
##..### #
#....# ##
####....+
.#
##..##..##
##
#....'#####


You could see a crimson imp and a shadow imp.

Vanquished Creatures
  Pikel (D:4)
  A slave (D:5)
  2 sky beasts (D:5)
  3 ogres
  3 centaurs (D:5)
  A scorpion (D:4)
  A crimson imp (D:4)
  A centaur skeleton (D:4)
  2 iguanas
  A bullfrog skeleton (D:4)
  Ijyb (D:4)
  3 worker ants
  A hound skeleton (D:5)
  A howler monkey zombie (D:5)
  5 adders
  3 oozes
  An adder skeleton (D:4)
  4 worms
  3 dart slugs
  4 leopard geckos
  3 orcs
  A giant cockroach (D:1)
  3 goblins (D:1)
  15 hobgoblins
  4 quokkas
  A ball python (D:2)
  8 bats
  9 frilled lizards
  7 kobolds
  A quokka skeleton (D:5)
  8 rats
102 creatures vanquished.

Vanquished Creatures (collateral kills)
  A bullfrog zombie (D:3)
  A worm (D:2)
  A goblin (D:3)
  2 hobgoblins (D:3)
5 creatures vanquished.

Grand Total: 107 creatures vanquished

Notes
Turn   | Place    | Note
-------+----------+-------------------------------------------
     0 | D:1      | lonelyuniverse the Octopode Transmuter began the quest for
                  | the Orb.
     0 | D:1      | Reached XP level 1. HP: 13/13 MP: 3/3
   163 | D:1      | Reached XP level 2. HP: 15/18 MP: 3/5
   181 | D:1      | Reached skill level 3 in Transmutations
   334 | D:1      | Found a sparkling altar of Nemelex Xobeh.
   518 | D:1      | Reached XP level 3. HP: 20/23 MP: 6/6
   523 | D:1      | Learned a level 3 spell: Spider Form
   537 | D:1      | Learned a level 2 spell: Sticks to Snakes
   843 | D:2      | Found an opulent altar of Gozag.
  1046 | D:2      | Reached skill level 1 in Poison Magic
  1126 | D:2      | Reached XP level 4. HP: 28/28 MP: 1/7
  2727 | D:3      | Found a radiant altar of Vehumet.
  2736 | D:3      | Reached XP level 5. HP: 29/33 MP: 8/8
  3152 | D:4      | Reached skill level 5 in Unarmed Combat
  3152 | D:4      | Reached skill level 1 in Evocations
  3258 | D:4      | Noticed Ijyb
  3269 | D:4      | Killed Ijyb
  3280 | D:4      | Reached XP level 6. HP: 27/41 MP: 9/9
  3716 | D:4      | Reached XP level 7. HP: 49/49 MP: 10/10
  3756 | D:4      | Found a staircase to the Ecumenical Temple.
  3762 | Temple   | Entered the Ecumenical Temple
  3769 | Temple   | Became a worshipper of Ru the Awakened
  3840 | D:4      | Found a shattered altar of Ashenzari.
  4021 | D:5      | Entered Level 5 of the Dungeon
  4321 | D:5      | Found a bloodstained altar of Trog.
  4955 | D:5      | Reached skill level 4 in Transmutations
  4955 | D:5      | Reached XP level 8. HP: 29/54 MP: 11/11
  5208 | D:5      | Noticed Pikel
  5287 | D:4      | Killed Pikel
  5287 | D:4      | Reached skill level 7 in Transmutations
  5305 | D:5      | Learned a level 5 spell: Blade Hands
  5399 | D:5      | Gained mutation: You cannot be stealthy. [Ru sacrifice]
  5648 | D:5      | Killed from afar by a shadow imp

Illustrated notes

Levels and vault maps discovered:
D:1:      minmay_arrival_loop, layout_basic, nemelex_xobeh_ov_fountains_minmay
D:2:      layout_basic, grunt_gozag_statues, minmay_hedge_maze
D:3:      layout_rooms, vehumet_crystals, first_ration
D:4:      layout_basic, ashenzari_conservatory_becter,
          minmay_temple_entry_fiery, uniq_ijyb
D:5:      minmay_bubble_buster, layout_cave_pods, lemuel_crystal_altar,
          uniq_pikel
Temple:   nicolae_temple_no_exploring_needed

Skill      XL: |  1  2  3  4  5  6  7  8 |
---------------+-------------------------+-----
Transmutations | 3 4 7 |  7.8
Poison Magic   | 1 |  1.0
Unarmed Combat | 4 5 6 |  6.6
Evocations     | 1 |  1.5
Fighting       | 2 4 |  4.7
Dodging        | |  2.0
Spellcasting   | |  2.0

Action                   |  1- 3 |  4- 6 |  7- 9 || total
-------------------------+-------+-------+-------++-------
Melee: Unarmed           |    73 |   112 |    75 ||   260
       Constrict         |    15 |    23 |     9 ||    47
       Tentacles         |    12 |    14 |     8 ||    34
       Kick              |     4 |     4 |     3 ||    11
       Punch             |     1 |     1 |       ||     2
 Cast: Beastly Appendage |     3 |     4 |     2 ||     9
       Spider Form       |     3 |     5 |    11 ||    19
       Sticks to Snakes  |     2 |    10 |       ||    12
Invok: Sacrifice Stealth |       |       |     1 ||     1
 Stab: Sleeping          |     2 |     5 |     1 ||     8
  Eat: Chunk             |     1 |     8 |     4 ||    13
       Ration            |       |       |     1 ||     1
Armor: Skin              |     3 |     8 |     4 ||    15
Dodge: Dodged            |    39 |    65 |    59 ||   163

Table legend:
 A = Non-vault XP
 B = Vault XP
 C = Vault XP percentage of total XP
 D = Non-vault monster count
 E = Vault monster count
 F = Vault count percentage of total count
                 A         B        C        D         E       F
            +---------+---------+-------+---------+---------+-------
      Total |    1353 |     928 |  40.7 |     100 |       6 |   5.7
            +---------+---------+-------+---------+---------+-------
        D:1 |      48 |       0 |   0.0 |      27 |       0 |   0.0
        D:2 |      48 |       0 |   0.0 |      20 |       0 |   0.0
        D:3 |      90 |       0 |   0.0 |      24 |       0 |   0.0
        D:4 |     570 |     677 |  54.3 |      14 |       2 |  12.5
        D:5 |     597 |     251 |  29.6 |      15 |       4 |  21.1
            +---------+---------+-------+---------+---------+-------
